 Dungeon Crawl Stone Soup version 0.27.0-1-g7a08968 (webtiles) character file.

Game seed: 5423165218484784049

101 AmazingTV the Covered (level 4, -5/40 HPs)
             Began as a Minotaur Fighter on Jan 23, 2022.
             Slain by an ogre (19 damage)
             ... on level 3 of the Dungeon.
             The game lasted 00:14:21 (2250 turns).

AmazingTV the Covered (Minotaur Fighter)            Turns: 2250, Time: 00:14:21

Health: -5/40      AC:  7    Str: 20    XL:     4   Next: 48%
Magic:  3/3        EV:  7    Int:  6    God:
Gold:   4          SH:  9    Dex: 10    Spells: 3/3 levels left

rFire    . . .     SeeInvis .   a - +0 war axe
rCold    . . .     Faith    .   c - +0 kite shield
rNeg     . . .     Spirit   .   b - +0 scale mail
rPois    .         Reflect  .   (helmet restricted)
rElec    .         Harm     .   (no cloak)
rCorr    .         Rampage  .   (no gloves)
Will     .....                  (no boots)
Stlth    ..........             (no amulet)
HPRegen  0.13/turn              (no ring)
MPRegen  0.08/turn              (no ring)

@: no status effects
A: horns 2, retaliatory headbutt
a: no special abilities


You were on level 3 of the Dungeon.
You visited 1 branch of the dungeon, and saw 3 of its levels.

You collected 70 gold pieces.
You spent 66 gold pieces at shops.

Inventory:

Hand Weapons
 a - a +0 war axe (weapon)
 d - a +0 flail
 o - a +2 demon blade of electrocution
Missiles
 g - 21 poisoned darts (quivered)
Armour
 b - a +0 scale mail (worn)
 c - a +0 kite shield (worn)
 j - a +0 ring mail
 k - a +0 pair of gloves
Scrolls
 f - 2 scrolls of identify
 m - a scroll of noise
Potions
 e - 2 potions of curing {unknown}
 h - a potion of lignification {unknown}
 i - a potion of mutation {unknown}
 l - a potion of flight {unknown}


   Skills:
 + Level 4.1 Fighting
 * Level 0.3 Long Blades
 + Level 3.8 Axes
 + Level 4.5 Armour
 - Level 0.6 Dodging
 + Level 4.2 Shields


You had 3 spell levels left.
You didn't know any spells.
Your spell library was empty.

Dungeon Overview and Level Annotations

Branches:
Dungeon (3/15)

Altars:

Shops:
D:2 ?   D:3 =

Annotations:
D:3 1 runed translucent door, Ozzieoiler's ghost, weakling HOSu


Innate Abilities, Weirdness & Mutations

You have a pair of horns on your head.
You reflexively headbutt those who attack you in melee.


Message History

You climb downwards.
You hear the sound of rushing water.
There is an entrance to a sewer on this level.
Hurry and find it before the portal rusts away!
Level annotation: 1 runed translucent door, Ozzieoiler's ghost, weakling HOSu You hear the quick rusting of a drain very nearby.
You block the bat's attack. The bat hits you but does no damage.
There is a stone staircase leading up here.
You block the bat's attack. You block the bat's attack.
The bat barely misses you. You block the bat's attack.
The bat hits you but does no damage.
An ogre comes into view. It is wielding a +0 giant spiked club.
The ogre shouts!
The bat hits you but does no damage.
Found a stone staircase leading up.
There is a stone staircase leading up here.
The bat hits you but does no damage. The bat hits you but does no damage.
You block the bat's attack. The bat closely misses you.
Your scale mail prevents you from hitting the kobold.
Your headbutt misses the kobold. You hit the bat.
The bat hits you but does no damage. x2; You block the kobold's attack. x2
You hit the kobold. Your headbutt misses the kobold.
The kobold is moderately wounded.
You hit the bat.
You kill the bat!
The kobold closely misses you. You furiously retaliate!
You headbutt the kobold, but do no damage.
You barely miss the kobold. You headbutt the kobold.
You kill the kobold!
The ogre hits you with a +0 giant spiked club!!
You hit the ogre.
The ogre is lightly wounded.
The ogre hits you with a +0 giant spiked club!
You slash the ogre! Your headbutt misses the ogre.
The ogre is severely wounded.
The ogre hits you with a +0 giant spiked club!!
You die...

#### ## #.@###
#...
#†.O.####.....
###..<....#...
##########........
#...<.##K.........
#.......b.########
#......####
#.....## #.....##


You could see an ogre.

Vanquished Creatures
  4 gnolls (D:2)
  An adder (D:1)
  A dart slug (D:1)
  2 orcs (D:3)
  3 endoplasms
  2 giant cockroaches
  3 hobgoblins
  2 jackals (D:3)
  3 quokkas (D:1)
  A ball python (D:2)
  5 bats
  5 frilled lizards
  4 goblins
  9 kobolds
  6 rats
51 creatures vanquished.

Notes
Turn   | Place    | Note
-------+----------+-------------------------------------------
     0 | D:1      | AmazingTV the Minotaur Fighter began the quest for the Orb.
     0 | D:1      | Reached XP level 1. HP: 19/19 MP: 0/0
   205 | D:1      | Reached XP level 2. HP: 27/27 MP: 1/1
   729 | D:1      | Reached XP level 3. HP: 33/33 MP: 2/2
  1262 | D:2      | Reached XP level 4. HP: 13/40 MP: 3/3
  1711 | D:2      | Found Diofasm's Magic Scroll Shoppe.
  1719 | D:2      | Bought a scroll of noise for 11 gold pieces
  1719 | D:2      | Bought a scroll of identify for 22 gold pieces
  1719 | D:2      | Bought a scroll of teleportation for 33 gold pieces
  1839 | D:3      | Found Omudue's Jewellery Boutique.
  1864 | D:3      | Found a runed translucent door.
  1865 | D:3      | Noticed Ozzieoiler's ghost (weakling HOSu)
  1943 | D:3      | HP: 2/40 [bat (1)]
  2240 | D:3      | Noticed an ogre
  2250 | D:3      | Slain by an ogre

Illustrated notes

Levels and vault maps discovered:
D:1:      moated_graveyard_arrival, layout_basic
D:2:      layout_loops_cross, serial_shops, nicolae_square_shop,
          minmay_pentomino_p4
D:3:      layout_rooms, gammafunk_ghost_grave, serial_shops, nicolae_shop_stone,
          portal_sewer_entry_d

Skill      XL: |  1  2  3 |
---------------+----------+-----
Shields        | 4 |  4.2
Fighting       | 4 |  4.1
Armour         | 4 |  4.5
Axes           | 3 |  3.8
Long Blades    | |  0.3
Dodging        | |  0.6

Action                   |  1- 3 |  4- 6 || total
-------------------------+-------+-------++-------
Melee: War axe           |    82 |    56 ||   138
       Headbutt          |     8 |     6 ||    14
  Use: Potion            |     1 |       ||     1
       Scroll            |       |     1 ||     1
Armor: Scale mail        |    39 |    40 ||    79
Dodge: Dodged            |    36 |    22 ||    58
Block: Kite shield       |    41 |    35 ||    76
